 Dungeon Crawl Stone Soup version 0.31-a0-1059-g83d41fd (webtiles) character file.

Game seed: 9486796850564747463

6407 PurpleRed the Cleaver (level 11, -3/150 HPs)
             Began as a Meteoran Delver on Nov 21, 2023.
             Was a Priest of Okawaru.
             Slain by a freezing wraith (23 damage)
             ... on level 9 of the Dungeon.
             The game lasted 00:35:11 (4049 turns).

PurpleRed the Cleaver (Meteoran Delver)             Turns: 4049, Time: 00:35:11

Health: -3/150     AC: 29    Str: 19    XL:     11   Next: 40%
Magic:  15/15      EV:  2    Int: 12    God:    Okawaru [***...]
Gold:   478        SH:  0    Dex: 15    Spells: 10/10 levels left

rFire   . . .        a - +1 hand axe
rCold   . . .        (no shield)
rNeg    . . .        w - melded +0 plate armour
rPois   +            D - melded +2 hat
rElec   .            (cloak currently unavailable)
rCorr   .            s - melded +1 pair of gloves
SInv    .            d - melded +1 pair of boots
Will    ++...        e - amulet of regeneration
Stlth   +            j - ring of willpower
HPRegen 1.25/turn    C - +4 ring of protection
MPRegen 0.14/turn

%: no passive effects
@: tree-form, slowed, glowing, very slow
A: stationary, stasis, torment immunity, boosted hp, sense surroundings 2,
otherworldly, glowing, explore regen
a: Renounce Religion, Heroism


You were on level 9 of the Dungeon.
You worshipped Okawaru.
Okawaru was most pleased with you.
You were a tree.
You visited 2 branches of the dungeon, and saw 11 of its levels.

You collected 478 gold pieces.

Inventory:

Hand Weapons
 a - a +1 hand axe (weapon)
 h - a +0 orcbow
Missiles
 r - 12 poisoned darts
Armour
 b - a +0 leather armour
 d - a +1 pair of boots (melded)
 f - a +0 ring mail
 i - a +0 chain mail
 s - a +1 pair of gloves (melded)
 w - a +0 plate armour (melded)
 D - a +2 hat (melded)
 J - +0 acid dragon scales
Jewellery
 e - an amulet of regeneration (around neck)
 j - a ring of willpower (left branch)
 l - an amulet of guardian spirit
 q - a +6 ring of intelligence
 C - a +4 ring of protection (right branch)
Wands
 g - a wand of digging (1)
 o - a wand of iceblast (2)
 v - a wand of mindburst (11)
 G - a wand of flame (17)
Scrolls
 c - 2 scrolls of fog
 k - 2 scrolls of noise
 n - 3 scrolls of revelation
 y - 4 scrolls of immolation
 E - a scroll of teleportation
 H - a scroll of fear
 I - a scroll of brand weapon {unknown}
 K - a scroll of enchant armour
Potions
 m - 4 potions of brilliance
 p - 2 potions of curing
 t - a potion of invisibility
 u - 2 potions of attraction
 x - 2 potions of enlightenment
 z - a potion of magic
 B - a potion of ambrosia {unknown}
 F - 2 potions of heal wounds {unknown}


   Skills:
 + Level 10.2 Fighting
 * Level 14.6 Axes
 - Level 3.0 Armour
 - Level 5.0 Dodging
 - Level 3.7 Stealth
 - Level 4.0 Invocations


You had 10 spell levels left.
You didn't know any spells.
Your spell library contained the following spells:

 Spells                   Type           Power      Damage    Failure   Level
 Foxfire                  Conj/Fire      0%         2x1d4     32%         1
 Freeze                   Ice            0%         1d3       32%         1
 Shock                    Conj/Air       0%         1d3       32%         1
 Blink                    Tloc           0%         N/A       45%         2
 Ensorcelled Hibernation  Hex/Ice        0%         N/A       45%         2
 Passwall                 Tmut/Erth      0%         N/A       45%         2
 Frozen Ramparts          Ice            0%         1d1       69%         3
 Hailstorm                Conj/Ice       0%         3d3       69%         3
 Swiftness                Air            0%         N/A       69%         3
 Airstrike                Air            0%         2d(0-16)  97%         4
 Manifold Assault         Tloc           0%         N/A       97%         4


Dungeon Overview and Level Annotations

Branches:
Dungeon (10/15) Zot: 2164  Temple (1/1) D:7 Zot: 587     Orc (0/2) D:9
   Lair: D:8-11

Altars:
Ashenzari
Cheibriados
Dithmenos
Elyvilon
Fedhas
Gozag
Hepliaklqana
Kikubaaqudgha
Makhleb
Nemelex Xobeh
Okawaru
Ru
Sif Muna
Trog
Uskayaw
Vehumet
Wu Jian
Xom
Yredelemnul
Zin
The Shining One

Shops:
D:4 :   D:9 *

Annotations:
D:3 1 runed translucent door, Dega's ghost, amateur SpHu


Innate Abilities, Weirdness & Mutations

You are a tree.
Your roots penetrate the ground, keeping you stationary.
You cannot be teleported.
You are immune to unholy pain and torment.
Your maximum health is greatly increased.
Your equipment is partially melded.
You passively map the area around you.
You are easily found by Zot.
You glow in the dark.
You regain HP and MP as you explore.


Message History

The vampire mosquito draws strength from your injuries!
The freezing wraith hits you but does no damage.
The freezing wraith hits you. The freezing wraith drains your vigour!
You feel as though you will be slow longer.
The vampire mosquito bites you!
* * * LOW HITPOINT WARNING * * *
The vampire mosquito draws strength from your injuries!
You hit the vampire mosquito.
The vampire mosquito is lightly damaged.
You slash the freezing wraith!
The vampire mosquito bites you but does no damage.
The freezing wraith hits you but does no damage. x2
The vampire mosquito barely misses you.
You hit the vampire mosquito.
The vampire mosquito is moderately damaged.
You hit the freezing wraith but do no damage.
The vampire mosquito bites you but does no damage.
The freezing wraith hits you but does no damage. x2
The vampire mosquito bites you but does no damage.
You hit the vampire mosquito.
The vampire mosquito is heavily damaged.
You hit the freezing wraith but do no damage.
The vampire mosquito bites you.
The vampire mosquito draws strength from your injuries!
The freezing wraith hits you.
* * * LOW HITPOINT WARNING * * *
The freezing wraith freezes you!!
* * * LOW HITPOINT WARNING * * *
The freezing wraith hits you but does no damage.
You closely miss the vampire mosquito.
The vampire mosquito is heavily damaged.
You hit the freezing wraith but do no damage.
The vampire mosquito bites you.
* * * LOW HITPOINT WARNING * * *
The vampire mosquito draws strength from your injuries!
The vampire mosquito bites you but does no damage.
The freezing wraith hits you.
* * * LOW HITPOINT WARNING * * *
The freezing wraith freezes you!!
You die...

, * ## ,
#..###.###.....#
**, .# ##..##
##....# * .#
##..##, ##)..# *
, .###..##
,##..# * *,
#.#..## , , #..#
, #.#.## ####,
..# , #...#
,,Y..# ..# ,
,#.#.#####W.#
..# * *
#.#.....♣y#
,*..# ,
.###.....## ..#
* * .# ##...## ,
, .# ##.##, ,**
,## ### , *** *
, , * * * , ,,>
,* * , * * * ,*,
* ,*,,*


You could see a freezing wraith, a yak and a vampire mosquito.

Vanquished Creatures
  An ugly thing (D:7)
  A komodo dragon (D:7)
  Grinder (D:3)
  13 yaks (D:9)
  2 fire bats (D:5)
  A water moccasin (D:8)
  An acid dragon (D:9)
  An ice beast (D:6)
  2 orc warriors
  A sky beast (D:7)
  A black bear (D:5)
  7 centaurs
  3 phantoms
  A bullfrog (D:8)
  3 scorpions
  21 killer bees
  3 howler monkeys (D:7)
  4 hounds
  3 orc priests
  A jelly (D:6)
  2 iguanas
  5 orc wizards
  3 gnolls
  8 adders
  A shadow imp (D:7)
  3 white imps
  6 ufetubi
  A worm (D:2)
  A dart slug (D:5)
  27 orcs
  6 endoplasms
  4 goblins
  9 hobgoblins
  3 kobolds
  4 quokkas
  4 ball pythons
  4 bats
  4 frilled lizards (D:2)
  4 rats (D:2)
170 creatures vanquished.

Vanquished Creatures (collateral kills)
  An iguana (D:3)
  2 kobolds (D:3)
3 creatures vanquished.

Grand Total: 173 creatures vanquished

Notes
Turn   | Place    | Note
-------+----------+-------------------------------------------
     0 | D:5      | PurpleRed the Meteoran Delver began the quest for the Orb.
     0 | D:5      | Reached XP level 1. HP: 19/19 MP: 2/2
    29 | D:5      | Noticed an orc priest
    30 | D:6      | Noticed a centaur
    30 | D:6      | Noticed an orc wizard
    30 | D:6      | Noticed a centaur
    55 | D:6      | Noticed a jelly
    74 | D:5      | Reached XP level 2. HP: 15/26 MP: 3/3
    95 | D:5      | Found a transporter.
   112 | D:5      | Noticed a hound
   126 | D:3      | Found a shimmering altar of Xom.
   126 | D:3      | Found a shimmering altar of Xom.
   126 | D:3      | Found a shimmering altar of Xom.
   126 | D:3      | Found a shimmering altar of Xom.
   130 | D:3      | Reached skill level 3 in Axes
   250 | D:1      | Reached XP level 3. HP: 3/33 MP: 4/4
   517 | D:1      | Reached skill level 4 in Axes
   518 | D:1      | Found a faded altar of an unknown god.
   532 | D:1      | Reached XP level 4. HP: 40/40 MP: 5/5
   543 | D:1      | Got Plato's Discursus on the Sun
   973 | D:3      | Noticed a scorpion
   987 | D:3      | Killed a scorpion
   988 | D:3      | Reached skill level 5 in Axes
   988 | D:3      | Reached XP level 5. HP: 42/47 MP: 6/6
  1011 | D:3      | Found a runed translucent door.
  1012 | D:3      | Noticed Dega's ghost (amateur SpHu)
  1058 | D:3      | Noticed Grinder
  1061 | D:3      | Paralysed by Grinder for 5 turns
  1080 | D:3      | Reached XP level 6. HP: 21/53 MP: 7/7
  1134 | D:3      | Killed Grinder
  1135 | D:3      | Reached skill level 5 in Fighting
  1135 | D:3      | Reached skill level 6 in Axes
  1135 | D:3      | Reached XP level 7. HP: 29/61 MP: 8/8
  1199 | D:4      | Reached skill level 7 in Axes
  1252 | D:4      | Found Qintah's Book Shoppe.
  1753 | D:5      | Reached XP level 8. HP: 61/70 MP: 9/9
  1757 | D:5      | Reached skill level 8 in Axes
  1816 | D:5      | Reached skill level 1 in Armour
  1829 | D:5      | Found a transporter.
  1832 | D:5      | Noticed a fire bat
  1832 | D:5      | Noticed a fire bat
  1887 | D:5      | Reached skill level 9 in Axes
  2050 | D:5      | Killed a fire bat
  2056 | D:5      | Killed a fire bat
  2057 | D:5      | Gained mutation: You passively map the area around you.
                  | [Meteoran growth]
  2057 | D:5      | Reached XP level 9. HP: 44/78 MP: 10/10
  2223 | D:6      | Reached skill level 10 in Axes
  2389 | D:6      | Reached skill level 11 in Axes
  2568 | D:7      | Found a bloodstained altar of Trog.
  2569 | D:7      | Found a sparkling altar of Nemelex Xobeh.
  2817 | D:7      | Reached XP level 10. HP: 84/88 MP: 11/11
  2867 | D:7      | Reached skill level 12 in Axes
  2896 | D:7      | Found a staircase to the Ecumenical Temple.
  2896 | D:7      | Noticed a red ugly thing
  2904 | D:7      | Killed a red ugly thing
  2907 | D:7      | Noticed a komodo dragon
  2915 | D:7      | Killed a komodo dragon
  2927 | Temple   | Entered the Ecumenical Temple
  2933 | Temple   | Became a worshipper of Warmaster Okawaru
  3059 | D:8      | Reached skill level 1 in Invocations
  3104 | D:9      | Found Lulilah's Gadget Gallery.
  3208 | D:8      | Reached skill level 13 in Axes
  3425 | D:9      | Found a burning altar of Makhleb.
  3450 | D:9      | Reached * piety under Okawaru
  3451 | D:9      | Reached skill level 5 in Dodging
  3477 | D:9      | Reached XP level 11. HP: 44/97 MP: 14/14
  3488 | D:9      | Reached ** piety under Okawaru
  3630 | D:9      | Reached skill level 14 in Axes
  3646 | D:9      | Found a staircase to the Orcish Mines.
  3672 | D:10     | Entered Level 10 of the Dungeon
  3710 | D:9      | Reached skill level 10 in Fighting
  3724 | D:9      | Reached *** piety under Okawaru
  4049 | D:9      | Slain by a freezing wraith

Illustrated notes

Levels and vault maps discovered:
D:1:      minmay_arrival_four_loops, layout_loops_ring,
          shapermc_ecumenical_altar_rom_forum, chequers_decorated_corner
D:2:      layout_loops_ring
D:3:      layout_loops_ring, xom_redecorated, hellmonk_ghost_happy_afterlife,
          uniq_grinder
D:4:      layout_basic, serial_shops, nicolae_shop_real_fake_doors
D:5:      gammafunk_cloud_chamber, layout_cave_pools, serial_column_ruins,
          column_ruins_open_tiny, column_ruins_corridor_straight,
          column_ruins_corridor_T, minmay_starry_boxes
D:6:      nicolae_whirlpool, layout_basic
D:7:      layout_gridville, gammafunk_temple_overflow_statue,
          minmay_temple_entry_butterflies
D:8:      layout_cave_pools
D:9:      minmay_the_grid_octo_2x2 [minmay_the_grid_octo_toaster,
          minmay_the_grid_octo_clover_2, minmay_the_grid_octo_77,
          minmay_the_grid_octo_prize_single_spiral], layout_basic,
          bloody_makhleb, nicolae_shop_gadgets
D:10:     layout_cave_pools, grunt_qazlal_clouds, lair_entry_dummy, uniq_joseph
Temple:   sentei_temple_godly_chess

Skill      XL: |  1  2  3  4  5  6  7  8  9 10 11 |
---------------+----------------------------------+-----
Axes           | 3 4 5 6 7 9 11 13 14 | 14.6
Fighting       | 4 5 6 8 9 10 | 10.2
Armour         | 3 |  3.0
Dodging        | 3 5 |  5.0
Invocations    | 3 4 |  4.0
Stealth        | |  3.7

Action                     |  1- 3 |  4- 6 |  7- 9 | 10-12 || total
---------------------------+-------+-------+-------+-------++-------
  Melee: Hand axe          |    85 |   100 |   351 |   445 ||   981
         Punch             |     1 |     2 |     7 |     6 ||    16
   Fire: Orcbow            |       |     6 |    20 |       ||    26
  Throw: Dart              |       |       |     1 |       ||     1
  Evoke: Wand              |     2 |       |     7 |     6 ||    15
    Use: Scroll            |     2 |     6 |    11 |     2 ||    21
         Potion            |     3 |       |     1 |     2 ||     6
 Armour: Leather armour    |    20 |       |       |       ||    20
         Chain mail        |    59 |    89 |   411 |   304 ||   863
         Plate armour      |       |       |       |    47 ||    47
         Skin              |       |       |       |    18 ||    18
  Dodge: Dodged            |    48 |    46 |   176 |   171 ||   441

Table legend: (Time is in decaauts)
 A = Elapsed time spent in this place.
 B = Non-inter-level travel time spent in this place.
 C = Inter-level travel time spent in this place.
 D = Time resting spent in this place.
 E = Time spent auto-exploring this place.
 F = Levels seen in this place.
 G = Mean time per level.
                   A        B        C        D        E       F      G
               +--------+--------+--------+--------+--------+-----+--------+
         Total |   3847 |   3772 |     75 |      2 |      0 |  11 |  349.7 |
       Dungeon |   3834 |   3763 |     71 |      2 |      0 |  10 |  383.4 |
        Temple |     12 |      8 |      4 |      0 |      0 |   1 |   12.0 |
               +--------+--------+--------+--------+--------+-----+--------+

Top non-repeatable levels by time:
     D:9: 543 daAuts
     D:6: 483 daAuts
     D:5: 476 daAuts
     D:2: 435 daAuts
     D:3: 427 daAuts
     D:7: 404 daAuts
     D:4: 402 daAuts
     D:1: 351 daAuts
     D:8: 307 daAuts
  Temple: 12 daAuts
    D:10: 3 daAuts
